 Dungeon Crawl Stone Soup version 0.32-a0-391-gce5c0aab1b (webtiles) character file.

Game seed: 5703596236080372014

161 tilp the Sneak (level 5, -4/38 HPs)
             Began as a Vampire Enchanter on Feb 19, 2024.
             Slain by a gnoll
             ... wielding a +0 spear
              (6 damage)
             ... on level 3 of the Dungeon.
             The game lasted 00:03:37 (2631 turns).

tilp the Sneak (Vampire Enchanter)                  Turns: 2631, Time: 00:03:37

Health: -4/38      AC:  2    Str:  7    XL:     5   Next: 19%
Magic:  6/8        EV: 13    Int: 19    God:
Gold:   157        SH:  0    Dex: 15    Spells: 6/8 levels left

rFire   . . .        a - +1 dagger
rCold   . . .        (no shield)
rNeg    . . .        f - +0 robe
rPois   .            (no helmet)
rElec   .            (no cloak)
rCorr   .            (no gloves)
SInv    +            (no boots)
Will    .....        (no amulet)
Stlth   +++          (no ring)
HPRegen 0.46/turn    (no ring)
MPRegen 0.11/turn

%: no passive effects
@: healing quickly
A: alive, fangs 3, see invisible, vampiric 2
a: Exsanguinate


You were on level 3 of the Dungeon.
You visited 1 branch of the dungeon, and saw 3 of its levels.

You collected 157 gold pieces.

Inventory:

Hand Weapons
 a - a +1 dagger (weapon)
 b - a +0 short sword of electrocution
Missiles
 i - 4 poisoned darts (quivered)
 n - 3 boomerangs
Armour
 f - a +0 robe (worn)
Scrolls
 g - 2 scrolls of vulnerability
Potions
 c - 2 potions of invisibility
 d - a potion of heal wounds
 e - a potion of haste {unknown}
 h - a potion of brilliance {unknown}
 j - a potion of cancellation {unknown}
 l - a potion of enlightenment {unknown}
 m - a potion of curing {unknown}


   Skills:
 * Level 1.9 Fighting
 * Level 2.6 Short Blades
 + Level 3.0 Dodging
 + Level 5.1 Stealth
 + Level 2.3 Spellcasting
 + Level 5.0 Hexes
 + Level 1.4 Ice Magic


You had 6 spell levels left.
You knew the following spells:

 Your Spells              Type           Power      Damage    Failure   Level
a - Ensorcelled Hibernat  Hex/Ice        28%        N/A       7%          2

Your spell library contained the following spells:

 Spells                   Type           Power      Damage    Failure   Level
 Confusing Touch          Hex            21%        N/A       6%          3
 Tukima's Dance           Hex            21%        N/A       6%          3
 Dazzling Flash           Conj/Hex       22%        N/A       17%         3


Dungeon Overview and Level Annotations

Branches:
Dungeon (3/15)

Altars:
Dithmenos
Vehumet


Innate Abilities, Weirdness & Mutations

Your natural rate of healing is accelerated.
You have razor-sharp teeth.
You have supernaturally acute eyesight. (SInv)
You are afflicted with vampirism and can become a bat while bloodless.


Message History

Aiming: Ensorcelled Hibernation (safe; 7% risk of failure)
Press: ? - help, Shift-Dir - straight line, f/p - gnoll
Aim: a gnoll, wielding a +0 spear (chance to affect: 56%)
The gnoll looks drowsy...
Unknown command.
Casting: Ensorcelled Hibernation (safe; 7% risk of failure)
Confirm with . or Enter, or press ? or * to list all spells.
You can't see any susceptible monsters within range! (Use Z to cast anyway.)
The gnoll barely misses you.
The gnoll shouts!
You hit the gnoll. You bite the gnoll.
The gnoll is heavily wounded.
The gnoll hits you from afar with a +0 spear.
The gnoll hits you with a +0 spear!
Unknown command.
Casting: Ensorcelled Hibernation (safe; 7% risk of failure)
Confirm with . or Enter, or press ? or * to list all spells.
You don't know that spell.
Unknown command.
You hit the gnoll.
The gnoll is heavily wounded.
The gnoll hits you from afar with a +0 spear.
You hit the gnoll but do no damage. You bite the gnoll, but do no damage.
The gnoll is heavily wounded.
The gnoll hits you with a +0 spear. The gnoll closely misses you.
You closely miss the gnoll.
The gnoll is heavily wounded.
The gnoll hits you with a +0 spear!
* * * LOW HITPOINT WARNING * * *
The gnoll barely misses you.
You hit the gnoll. Your bite misses the gnoll.
The gnoll is severely wounded.
The gnoll hits you with a +0 spear!
* * * LOW HITPOINT WARNING * * *
The gnoll closely misses you.
You closely miss the gnoll. You bite the gnoll, but do no damage.
The gnoll is severely wounded.
The gnoll misses you.
The gnoll hits you from afar with a +0 spear.
You die...

#..._.#......######
#....##......#
##..##.....)÷#####
##.........##...######
###................>#
#.....#.........#..###
#......g.............
###.....#g##.....#...#
..#######@#..g.......####.
##..# ##.##..............
.....####................?.
#........#.#............#
#......................#
#...........#..#(....#
#...........÷..##....#.#
###....................#
#...###....(######.#.###


You could see 2 gnolls.

Vanquished Creatures
  Terence (D:2)
  An adder (D:2)
  2 gnolls (D:3)
  2 dart slugs (D:1)
  2 ribbon worms
  An orc (D:2)
  3 bats
  12 endoplasms
  6 goblins
  6 hobgoblins
  3 kobolds (D:1)
  3 quokkas
  5 ball pythons (D:1)
  2 frilled lizards
  9 rats
58 creatures vanquished.

Notes
Turn   | Place    | Note
-------+----------+-------------------------------------------
     0 | D:1      | tilp the Vampire Enchanter began the quest for the Orb.
     0 | D:1      | Reached XP level 1. HP: 13/13 MP: 3/3
    70 | D:1      | Reached XP level 2. HP: 7/20 MP: 5/5
    78 | D:1      | Learned a level 2 spell: Ensorcelled Hibernation
   279 | D:1      | Reached skill level 1 in Fighting
   350 | D:1      | Found a faded altar of an unknown god.
   356 | D:1      | Gained mutation: You are afflicted with vampirism and can
                  | become a bat while bloodless. [Vampire growth]
   356 | D:1      | Reached XP level 3. HP: 24/26 MP: 6/6
  1164 | D:1      | Reached XP level 4. HP: 17/32 MP: 2/7
  1398 | D:2      | Reached skill level 1 in Ice Magic
  1486 | D:2      | Noticed Terence
  1580 | D:2      | Killed Terence
  1979 | D:3      | Reached skill level 5 in Hexes
  2151 | D:3      | Reached skill level 5 in Stealth
  2215 | D:3      | Found a shadowy altar of Dithmenos.
  2232 | D:3      | Reached XP level 5. HP: 36/38 MP: 3/8
  2454 | D:3      | Found a radiant altar of Vehumet.
  2460 | D:3      | HP: 1/38 [endoplasm (3)]
  2630 | D:3      | HP: 1/38 [gnoll/+0 spear (7)]
  2631 | D:3      | Slain by a gnoll

Illustrated notes

Levels and vault maps discovered:
D:1:      psy_arrival_statuary, layout_basic,
          ebering_ecumenical_altar_petrified, kennysheep_pointless_box
D:2:      layout_basic, minmay_misc_feat_x, minmay_liquid_box, uniq_terence
D:3:      layout_basic, nicolae_dithmenos_through_a_glass_darkly,
          nicolae_overflow_hidden_temple, cheibriados_altar_1, serial_shops,
          shop

Skill      XL: |  1  2  3  4  5 |
---------------+----------------+-----
Fighting       | 1 |  1.9
Short Blades   | 2 |  2.6
Ice Magic      | 1 |  1.4
Hexes          | 5 |  5.0
Stealth        | 5 |  5.1
Dodging        | 3 |  3.0
Spellcasting   | |  2.3

Action                     |  1- 3 |  4- 6 || total
---------------------------+-------+-------++-------
  Melee: Dagger            |    82 |    64 ||   146
         Bite              |    13 |     9 ||    22
  Throw: Dart              |       |     2 ||     2
   Cast: Ensorcelled Hiber |    11 |    22 ||    33
    Use: Scroll            |     1 |     2 ||     3
         Potion            |       |     1 ||     1
   Stab: Sleeping          |    13 |    13 ||    26
         Distracted        |       |     1 ||     1
 Armour: Robe              |    33 |    45 ||    78
  Dodge: Dodged            |    26 |    66 ||    92

Table legend: (Time is in decaauts)
 A = Elapsed time spent in this place.
 B = Non-inter-level travel time spent in this place.
 C = Inter-level travel time spent in this place.
 D = Time resting spent in this place.
 E = Time spent auto-exploring this place.
 F = Levels seen in this place.
 G = Mean time per level.
                   A        B        C        D        E       F      G
               +--------+--------+--------+--------+--------+-----+--------+
         Total |   2617 |   2551 |     66 |    355 |   1646 |   3 |  872.3 |
       Dungeon |   2617 |   2551 |     66 |    355 |   1646 |   3 |  872.3 |
               +--------+--------+--------+--------+--------+-----+--------+

Top non-repeatable levels by time:
     D:2: 1181 daAuts
     D:1: 854 daAuts
     D:3: 582 daAuts
